AoeStats
← WiryLearner2495

Oasis

509692020Analyzed
3v3 RM · 5d ago on Sep 27, 2026· 58m 5s· 6 players
Game mode
Random Map
Map size
Normal (6 player)
Population
200
Speed
Normal
Resources
Standard
Victory
Conquest
Starting age
Dark Age
Ending age
Imperial Age
RankedLock teamsTeams togetherTeam positionsShared explorationLock speedFull tech treeHidden civsTurbo modeCheats
Victory
Defeat
🇺🇸 Cumans · United States
760
+15
🇺🇸 Armenians · United States
706
+17
🇹🇼 Khmer · Taiwan
699
+17
🇨🇿 Burgundians · Czechia
783
-19
🇨🇿 Malay · Czechia
722
-16
🇨🇿 Turks · Czechia
667
-14
Majkl
11:05 Feudal Age
12:11 Horse Collar
12:19 Double-Bit Axe
17:21 Arson
18:29 Man-at-Arms
22:35 Castle Age
21:58 Long Swordsman
25:12 Squires
26:45 Elite Skirmisher
31:36 Bow Saw
32:33 Heavy Plow
34:56 Pikeman
37:16 Thumb Ring
43:00 Imperial Age
43:01 Forced Levy
43:30 Fletching
45:54 Wheelbarrow
46:56 Chemistry
47:05 Bodkin Arrow
48:05 Bracer
48:22 Gold Mining
51:33 Padded Archer Armor
51:59 Hand Cart
52:17 Two-Handed Swordsman
53:23 Halberdier
55:28 Leather Archer Armor
Sysel
10:36 Feudal Age
11:18 Double-Bit Axe
11:18 Horse Collar
22:54 Castle Age
25:30 Bloodlines
30:37 Thumb Ring
30:43 Thumb Ring
38:21 Imperial Age
36:27 Wheelbarrow
38:33 Bow Saw
39:45 Padded Archer Armor
39:35 Fletching
romy88
9:25 Feudal Age
10:51 Double-Bit Axe
10:48 Horse Collar
14:27 Man-at-Arms
16:59 Forging
17:53 Loom
18:50 Gold Mining
20:11 Scale Mail Armor
30:37 Castle Age
30:54 Long Swordsman
31:36 Squires
31:51 Bow Saw
36:58 Gold Shaft Mining
36:17 Stone Mining
36:18 Arson
36:57 Scale Barding Armor
38:34 Husbandry
37:55 Cavalier
39:01 Chain Barding Armor
42:40 Imperial Age
41:28 Wheelbarrow
AnarchistOwl
0:35 Loom
16:43 Feudal Age
16:48 Man-at-Arms
17:39 Arson
17:33 Long Swordsman
18:24 Scale Mail Armor
20:12 Forging
25:03 Wheelbarrow
24:16 Town Watch
25:23 Double-Bit Axe
25:29 Gold Mining
27:47 Castle Age
25:34 Horse Collar
26:53 Town Watch
27:57 Two-Handed Swordsman
28:25 Gambesons
28:45 Squires
29:03 Champion
36:20 Hand Cart
36:28 Bow Saw
37:08 Chain Mail Armor
39:00 Iron Casting
38:55 Heavy Plow
42:43 Town Patrol
49:15 Imperial Age
49:17 Capped Ram
50:31 Plate Mail Armor
51:13 Blast Furnace
51:35 Siege Ram
53:26 Herbal Medicine
54:13 Conscription
54:34 Gold Shaft Mining
-Z-Wolftrap-Z-
2:57 Loom
12:51 Feudal Age
19:23 Horse Collar
19:33 Double-Bit Axe
23:59 Castle Age
23:27 Fletching
24:59 Bodkin Arrow
28:12 Padded Archer Armor
34:22 Imperial Age
32:29 Leather Archer Armor
34:10 Bow Saw
34:07 Gold Mining
35:08 Heavy Plow
39:57 Ring Archer Armor
42:07 Two-Man Saw
42:40 Thumb Ring
43:17 Parthian Tactics
44:05 Heavy Cavalry Archer
45:49 Scale Barding Armor
45:54 Forging
46:03 Bloodlines
45:14 Elite Steppe Lancer
46:31 Light Cavalry
56:01 Chain Barding Armor
WiryLearner2495
0:31 Loom
15:16 Feudal Age
18:55 Castle Age
16:38 Horse Collar
18:57 Wheelbarrow
19:43 Double-Bit Axe
20:01 Heavy Plow
22:06 Bow Saw
23:24 Gold Mining
25:05 Caravan
27:54 Gold Shaft Mining
27:12 Stone Mining
29:22 Hand Cart
30:13 Stone Shaft Mining
29:03 Pikeman
35:12 Imperial Age
33:52 Murder Holes
34:17 Ballistics
34:14 Fletching
37:27 Conscription
36:33 Capped Ram
36:34 Heavy Scorpion
37:24 Light Cavalry
38:14 Bloodlines
38:05 Husbandry
37:37 Siege Ram
39:38 Crop Rotation
38:37 Halberdier
40:00 Bodkin Arrow
40:15 Forging
40:06 Padded Archer Armor
40:06 Scale Mail Armor
40:12 Scale Barding Armor
46:55 Hussar
Connection lost

Rejoining the realm…

Still unreachable

The connection could not be restored.

Session expired

The server has moved on; the page needs a fresh start.